 Dungeon Crawl Stone Soup version 0.29-a0-490-g77b3608bb8 (webtiles) character file.

Game seed: 16638112593092195101

0 croobank the Covert (level 1, -1/23 HPs)
             Began as a Gnoll Delver on May 26, 2022.
             Slain by an orc wizard
             ... wielding a +0 dagger
              (3 damage)
             ... on level 4 of the Dungeon.
             The game lasted 00:01:04 (76 turns).

croobank the Covert (Gnoll Delver)                    Turns: 76, Time: 00:01:05

Health: -1/23      AC:  3    Str: 11    XL:     1   Next: 10%
Magic:  1/1        EV: 13    Int:  9    God:
Gold:   0          SH:  0    Dex: 13    Spells: 0/0 levels left

rFire   . . .      SeeInvis .   a - +0 hand axe
rCold   . . .      Faith    .   (no shield)
rNeg    . . .      Spirit   .   b - +0 leather armour
rPois   .          Reflect  .   (no helmet)
rElec   .          Harm     .   (no cloak)
rCorr   .          Rampage  .   (no gloves)
Will    .....                   (no boots)
Stlth   ++++......              (no amulet)
HPRegen 0.07/turn               (no ring)
MPRegen 0.07/turn               (no ring)

@: no status effects
A: fangs 1, strong nose, distributed training
a: no special abilities


You were on level 4 of the Dungeon.
You visited 1 branch of the dungeon, and saw 2 of its levels.

Inventory:

Hand Weapons
 a - a +0 hand axe (weapon)
Armour
 b - a +0 leather armour (worn)
Wands
 g - a wand of digging (3)
Scrolls
 c - a scroll of fog
 d - a scroll of immolation {unknown}
 e - a scroll of fear
 h - a scroll of identify {unknown}
Potions
 f - a potion of haste


   Skills:
 + Level 6.4 Fighting
 + Level 0.0 Short Blades
 + Level 0.0 Long Blades
 + Level 4.4 Axes
 + Level 0.0 Maces & Flails
 + Level 0.0 Polearms
 + Level 0.0 Staves
 + Level 0.0 Slings
 + Level 0.0 Bows
 + Level 0.0 Crossbows
 + Level 0.0 Throwing
 + Level 0.0 Armour
 + Level 4.4 Dodging
 + Level 9.5 Stealth
 + Level 0.0 Shields
 + Level 0.0 Unarmed Combat
 + Level 0.0 Spellcasting
 + Level 0.0 Conjurations
 + Level 0.0 Hexes
 + Level 0.0 Summonings
 + Level 0.0 Necromancy
 + Level 0.0 Translocations
 + Level 0.0 Transmutations
 + Level 0.0 Fire Magic
 + Level 0.0 Ice Magic
 + Level 0.0 Air Magic
 + Level 0.0 Earth Magic
 + Level 0.0 Poison Magic
 + Level 0.0 Invocations
 + Level 0.0 Evocations


You couldn't memorise any spells.
You didn't know any spells.
Your spell library was empty.

Dungeon Overview and Level Annotations

Branches:
Dungeon (5/15)             Temple (0/1) D:4

Altars:
Yredelemnul


Innate Abilities, Weirdness & Mutations

You have very sharp teeth.
Your uncanny sense of smell can sniff out nearby items.
Your experience applies equally to all skills.


Message History

Found a scroll labelled TATRAFFI HIEGO.
An orc wizard comes into view. It is wielding a +0 dagger.
d - a scroll labelled TATRAFFI HIEGO An orc wizard comes into view.
It is wielding a +0 dagger.
The orc wizard shouts!
You hear a shout! x2
The orc wizard casts a spell at you.
You are confused.
You are too confused!
The orc wizard points at you and mumbles some strange words.
You are more confused.
The orc wizard points at you and mumbles some strange words.
The puff of flame hits you!
Ouch! That really hurt!
An orc wizard comes into view. It is wielding a +0 dagger.
You are too confused!
You are too injured to fight recklessly!
The orc wizard shouts!
An orc priest comes into view. It is wielding a +0 war axe.
You are too injured to fight recklessly!
The orc wizard gestures at you while chanting.
The puff of flame hits you!
* * * LOW HITPOINT WARNING * * *
The orc wizard gestures at you while chanting.
You resist with significant effort.
The orc wizard mumbles some strange words.
The orc wizard flickers and vanishes!
Deactivating autopickup; reactivate with Ctrl-A.
You see here a +0 dagger.
The orc wizard shouts!
You hit the withered plant.
The withered plant begins to crumble.
The withered plant is lightly damaged.
You feel less confused.
You hit the orc wizard but do no damage.
You hit the withered plant. The orc wizard misses you.
You barely miss the orc wizard.
You hit the withered plant but do no damage.
You barely miss something. You hit the withered plant.
You barely miss the orc wizard.
The withered plant crumbles away.
The orc wizard hits you with a +0 dagger.
You die...

*#..###..##.#* **,***
*#.........#####***,****
##.............,,,,,,,,
#..............,,,,,,,
##.............∆,,,,,,
#.....o......,,,,,,,*
#...oo.......,,,,,,,*
#......P..###***,,,,*
#<..@o_..## **,,,,
#......P.# **∆,,
#........# *,,,
#........# ****
#........###########
#...........>......#
*#..................#*
*#......###########...*
***#....#### *,,.*


You could see an orc priest, 2 orc wizards and an orc.

Vanquished Creatures
  A goblin (D:4)
1 creature vanquished.

Vanquished Creatures (others)
  2 withered plants (D:4)
2 creatures vanquished.

Grand Total: 3 creatures vanquished

Notes
Turn   | Place    | Note
-------+----------+-------------------------------------------
     0 | D:5      | Reached skill level 9 in Stealth
     0 | D:5      | croobank the Gnoll Delver began the quest for the Orb.
     0 | D:5      | Reached XP level 1. HP: 23/23 MP: 1/1
    12 | D:5      | Noticed a jelly
    16 | D:5      | Noticed an orc wizard
    28 | D:5      | Noticed an orc warrior
    28 | D:5      | Noticed a hound
    36 | D:4      | Found a basalt altar of Yredelemnul.
    52 | D:4      | Noticed an orc wizard
    58 | D:4      | Noticed an orc wizard
    67 | D:4      | Noticed an orc wizard
    70 | D:4      | Noticed an orc priest
    76 | D:4      | Slain by an orc wizard

Illustrated notes

Levels and vault maps discovered:
D:4:      layout_layer_cave, nemelex_dance_club_becter,
          yredelemnul_altar_generic, minmay_temple_entry_butterflies
D:5:      layout_gridville

Skill      XL: | |
---------------+-+-----
Stealth        | |  9.5
Fighting       | |  6.4
Axes           | |  4.4
Dodging        | |  4.4

Action                   || total
-------------------------++-------
Melee: Hand axe          ||     8
  Use: Scroll            ||     1
Dodge: Dodged            ||     3

Table legend: (Time is in decaauts)
 A = Elapsed time spent in this place.
 B = Non-inter-level travel time spent in this place.
 C = Inter-level travel time spent in this place.
 D = Time resting spent in this place.
 E = Time spent auto-exploring this place.
 F = Levels seen in this place.
 G = Mean time per level.
                   A        B        C        D        E       F      G
               +--------+--------+--------+--------+--------+-----+--------+
         Total |     76 |     76 |      0 |      0 |     12 |   2 |   38.0 |
       Dungeon |     76 |     76 |      0 |      0 |     12 |   2 |   38.0 |
               +--------+--------+--------+--------+--------+-----+--------+

Top non-repeatable levels by time:
     D:4: 44 daAuts
     D:5: 32 daAuts
